 Dungeon Crawl Stone Soup version 0.23-a0-14-g8c9a20f (webtiles) character file.

778 Finnegan the Chopper (level 8, -6/64 HPs)
             Began as a Human Berserker on Aug 3, 2018.
             Was a Priest of Trog.
             Mangled by an ogre
             ... wielding a +0 giant spiked club
              (19 damage)
             ... on level 5 of the Dungeon.
             The game lasted 00:48:39 (6639 turns).

Finnegan the Chopper (Human Berserker)              Turns: 6639, Time: 00:48:39

Health: -6/64      AC: 10    Str: 19    XL:     8   Next: 10%
Magic:  8/8        EV: 11    Int:  7    God:    Trog [***...]
Gold:   206        SH:  0    Dex: 14    Spells: 7/7 levels left

rFire    + . .     SeeInvis .   h - +0 hand axe
rCold    . . .     Gourm    .   (no shield)
rNeg     . . .     Faith    .   r - +1 scale mail {rPois}
rPois    +         Spirit   .   f - +0 helmet
rElec    .         Reflect  .   e - +0 cloak
rCorr    +         Harm     .   (no gloves)
MR       .....                  (no boots)
Stlth    ..........             (no amulet)
HPRegen  0.20/turn              j - ring of resist corrosion
MPRegen  0.11/turn              v - ring of protection from fire

@: no status effects
A: no striking features
a: Berserk, Trog's Hand, Renounce Religion


You were on level 5 of the Dungeon.
You worshipped Trog.
Trog was most pleased with you.
You were not hungry.

You visited 1 branch of the dungeon, and saw 5 of its levels.

You collected 206 gold pieces.

Inventory:

Hand Weapons
 h - a +0 hand axe (weapon)
Armour
 e - a +0 cloak (worn)
 f - a +0 helmet (worn)
 r - a +1 scale mail of poison resistance (worn)
Jewellery
 j - a ring of resist corrosion (left hand)
 m - an uncursed ring of wizardry
 v - a ring of protection from fire (right hand)
Wands
 b - a wand of polymorph (9)
Scrolls
 d - 3 scrolls of teleportation
 g - 3 scrolls of remove curse
 o - a scroll of fog
 s - a scroll of enchant armour {unknown}
 w - a scroll of random uselessness {unknown}
Potions
 a - 3 potions of heal wounds
 i - a potion of berserk rage
 k - a potion of mutation {unknown}
 l - a potion of cancellation {unknown}
 n - a potion of might
 p - a potion of agility {unknown}
 q - a potion of ambrosia {unknown}
 u - a potion of haste {unknown}
Comestibles
 c - 5 rations


   Skills:
 * Level 5.7 Fighting
 * Level 5.7 Axes
 + Level 3.9 Armour
 + Level 3.8 Dodging


You had 7 spell levels left.
You didn't know any spells.
Your spell library was empty.

Dungeon Overview and Level Annotations

Branches:
Dungeon (5/15)
 Temple: D:4-7

Altars:
Zin


Message History

The ogre hits you with a giant spiked club!
You hit the ogre.
The ogre is heavily wounded.
The ogre barely misses you.
You hit the ogre.
The ogre is severely wounded.
The ogre barely misses you.
You slash the ogre!
The ogre is almost dead.
You hit the ogre.
The ogre is almost dead.
The ogre closely misses you.
Your scale mail prevents you from hitting the ogre.
The ogre is almost dead.
The ogre hits you with a giant spiked club!!
* * * LOW HITPOINT WARNING * * *
You hit the ogre.
The ogre is almost dead.
The ogre hits you with a giant spiked club!!
You die...

#... #.. #### ### #..
.... #.. ... ...# # #.#
#.# #..# ###### #.# #.#
#..# .....# #.# #O#
#..# ####.# #.#
##@###### #..#
####.###.######.......#
#..##
.................####+#
#...#
##..#.#.)........#
#<#.# #.#.##..........#
#...# #.####.##..##...#
#.#.# #.# #.##..##...#
#.#.# #.# #.##..##...#
#.#.# #.#
#.##.....##### #(#.#


You could see an ogre.

Vanquished Creatures
  Sigmund (D:3)
  An ogre (D:5)
  A water moccasin zombie (D:4)
  A jelly (D:5)
  2 hounds (D:4)
  2 orc priests (D:3)
  2 orc wizards
  A bullfrog skeleton (D:5)
  Terence (D:3)
  A gnoll (D:1)
  6 adders
  4 oozes
  5 worms
  4 dart slugs (D:1)
  4 leopard geckos
  11 orcs
  2 ball pythons
  4 giant cockroaches
  12 goblins
  9 hobgoblins
  5 jackals
  9 kobolds
  2 quokkas
  7 bats
  3 frilled lizards (D:1)
  A quokka skeleton (D:4)
  6 rats
107 creatures vanquished.

Notes
Turn   | Place    | Note
-------+----------+-------------------------------------------
     0 | D:1      | Finnegan the Human Berserker began the quest for the Orb.
     0 | D:1      | Reached XP level 1. HP: 18/18 MP: 1/1
   146 | D:1      | Reached XP level 2. HP: 18/24 MP: 2/2
   695 | D:1      | Reached XP level 3. HP: 29/29 MP: 3/3
  1224 | D:2      | Reached ** piety under Trog
  1274 | D:2      | HP: 1/29 [kobold (4)]
  1710 | D:2      | Reached XP level 4. HP: 15/37 MP: 4/4
  2616 | D:2      | Reached XP level 5. HP: 41/42 MP: 5/5
  2844 | D:2      | Found a glowing silver altar of Zin.
  3337 | D:3      | Noticed Sigmund
  3365 | D:3      | Killed Sigmund
  3365 | D:3      | Reached XP level 6. HP: 35/49 MP: 6/6
  4228 | D:3      | Reached XP level 7. HP: 52/55 MP: 7/7
  4467 | D:3      | Reached skill level 5 in Fighting
  4467 | D:3      | Reached skill level 5 in Axes
  4746 | D:3      | Noticed Terence
  4768 | D:3      | Killed Terence
  5191 | D:4      | Reached *** piety under Trog
  6061 | D:5      | Entered Level 5 of the Dungeon
  6219 | D:5      | Reached XP level 8. HP: 24/64 MP: 8/8
  6639 | D:5      | Mangled by an ogre

Vault maps used:
D:1:      scummos_arrival_star, minmay_tall_x
D:2:      cheibrodos_greedy_goblins, zin_statuary, hangedman_decor_growths,
          minmay_door_square, minmay_misc_feat_roman
D:3:      first_ration, uniq_sigmund, uniq_terence
D:4:      minmay_crystal_room, kennysheep_generic_room_4
D:5:      cheibrodos_two_vegetables, tso_altar, minmay_temple_entry_nine_rooms

Skill      XL: |  1  2  3  4  5  6  7 |
---------------+----------------------+-----
Fighting       | 4 5 |  5.7
Axes           | 4 5 |  5.7
Armour         | 3 |  3.9
Dodging        | 3 |  3.8

Action                   |  1- 3 |  4- 6 |  7- 9 || total
-------------------------+-------+-------+-------++-------
Melee: Hand axe          |   104 |   233 |   200 ||   537
Invok: Berserk           |       |     1 |       ||     1
  Use: Scroll            |     2 |       |     5 ||     7
 Stab: Sleeping          |     3 |       |       ||     3
       Fleeing           |     1 |       |       ||     1
  Eat: Chunk             |     2 |     6 |     5 ||    13
       Ration            |       |     1 |     1 ||     2
Armor: Animal skin       |     2 |       |       ||     2
       Leather armour    |    15 |     9 |       ||    24
       Ring mail         |       |    27 |       ||    27
       Plate armour      |       |    61 |    41 ||   102
       Scale mail        |       |       |    42 ||    42
Dodge: Dodged            |    55 |   109 |    84 ||   248

Table legend:
 A = Spawn XP
 B = Non-spawn XP
 C = Spawn XP percentage of total XP
 D = Spawn monster count
 E = Non-spawn monster count
 F = Spawn count percentage of total count
 G = Total turns spent on level
                    A         B        C        D         E        F      G
               +---------+---------+-------+---------+---------+-------+---------
         Total |       0 |    1112 |   0.0 |       0 |     107 |   0.0 |  6639
               +---------+---------+-------+---------+---------+-------+---------
           D:1 |       0 |      57 |   0.0 |       0 |      20 |   0.0 |  1645
           D:2 |       0 |     107 |   0.0 |       0 |      36 |   0.0 |  2201
           D:3 |       0 |     458 |   0.0 |       0 |      28 |   0.0 |  1202
           D:4 |       0 |     239 |   0.0 |       0 |      14 |   0.0 |  1018
           D:5 |       0 |     251 |   0.0 |       0 |       9 |   0.0 |   573
               +---------+---------+-------+---------+---------+-------+---------
